 Dungeon Crawl Stone Soup version 0.27.1 (webtiles) character file.

Game seed: 13548959147309992063

352 MajorAdolf the Sneak (level 6, -3/50 (57) HPs)
             Began as a Naga Wanderer on Aug 31, 2021.
             Slain by a wight (15 damage)
             ... on level 5 of the Dungeon.
             The game lasted 00:06:33 (4825 turns).

MajorAdolf the Sneak (Naga Wanderer)                Turns: 4825, Time: 00:06:33

HP:   -3/50 (57)    AC:  9    Str: 16    XL:     6   Next: 61%
MP:   6/6           EV:  3    Int: 11    God:
Gold: 107           SH:  0    Dex: 12    Spells: 5/5 levels left

rFire    . . .     SeeInvis +   a - +2 falchion
rCold    . . .     Faith    .   (no shield)
rNeg     . . .     Spirit   .   j - +0 plate armour
rPois    +         Reflect  .   q - +0 helmet
rElec    .         Harm     .   (no cloak)
rCorr    .         Rampage  .   (no gloves)
Will     +....                  (no barding)
Stlth    ..........             l - amulet of magic regeneration
HPRegen  0.16/turn              s - ring of willpower
MPRegen  0.35/turn              (no ring)

@: heavily drained, very slow
A: AC +2, large, see invisible, deformed body, poison resistance, slowness 2,
spit poison 1, naga tail 1
a: Spit Poison


You were on level 5 of the Dungeon.
You visited 1 branch of the dungeon, and saw 5 of its levels.

You collected 107 gold pieces.

Inventory:

Hand Weapons
 a - a +2 falchion (weapon)
 b - a +0 short sword
 e - a +0 dagger
 t - a +2 short sword of speed
Missiles
 k - 8 poisoned darts (quivered)
 n - 30 sling bullets
Armour
 d - a +0 robe
 h - a +0 chain mail
 j - a +0 plate armour (worn)
 q - a +0 helmet (worn)
Jewellery
 l - an amulet of magic regeneration (around neck)
 s - a ring of willpower (left hand)
Potions
 f - a potion of attraction {unknown}
 g - a potion of cancellation {unknown}
 m - a potion of invisibility {unknown}
 r - a potion of flight {unknown}
 u - 2 potions of mutation {unknown}


   Skills:
 + Level 4.3 Fighting
 + Level 4.1 Long Blades
 - Level 1.0 Polearms
 + Level 2.6 Armour
 - Level 1.0 Dodging
 - Level 5.0 Stealth
 - Level 1.0 Shields


You had 5 spell levels left.
You didn't know any spells.
Your spell library contained the following spells:

 Spells                   Type           Power      Damage    Failure   Level
 Animate Skeleton         Necr           0%         N/A       100%        1
 Pain                     Necr           0%         1d4       100%        1
 Vampiric Draining        Necr           0%         2d6       100%        3
 Summon Forest            Summ/Tloc      0%         N/A       100%        5
 Summon Mana Viper        Hex/Summ       0%         N/A       100%        5
 Shadow Creatures         Summ           N/A        N/A       100%        6


Dungeon Overview and Level Annotations

Branches:
Dungeon (5/15)
 Temple: D:4-7

Altars:
Hepliaklqana


Innate Abilities, Weirdness & Mutations

Your serpentine skin is tough. (AC +2)
You have supernaturally acute eyesight. (SInv)
Armour fits poorly on your strangely shaped body.
Your system is resistant to poisons. (rPois)
You cover ground very slowly.
You can spit poison.
You have a snake-like lower body.


Message History

The quokka bites you. The quokka barely misses you.
You hit the quokka.
You kill the quokka!
No target in view!
No target in view!
You start resting.
HP restored.
Unknown command.
Found 16 gold pieces. 2 wights come into view.
Found 11 gold pieces.
The wight hits you from afar with a +8 halberd!
You feel drained.
The wight hits you from afar with a +8 halberd.
You feel drained. The wight barely misses you.
There is a stone staircase leading down here.
The wight hits you but does no damage.
The wight hits you from afar with a +8 halberd!
You feel drained.
You climb downwards.
There is a stone staircase leading up here.
Unknown command.
You hit the wight.
The wight is lightly damaged.
The wight hits you with a +0 battleaxe.
You feel drained.
You hit the wight.
The wight is lightly damaged.
The wight hits you but does no damage.
Okay, then.
You hit the wight.
The wight is moderately damaged.
The wight hits you with a +0 battleaxe.
You completely miss the wight.
The wight is moderately damaged.
The wight hits you with a +0 battleaxe!
* * * LOW HITPOINT WARNING * * *
You hit the wight.
The wight is heavily damaged.
The wight hits you with a +0 battleaxe!
You die...

###
#@#
#z#
..#
####


You could see a wight.

Vanquished Creatures
  2 phantoms
  A hound (D:4)
  Jessica (D:3)
  An iguana (D:4)
  Robin (D:2)
  4 adders
  A worm (D:3)
  6 ball pythons
  3 endoplasms
  2 giant cockroaches
  16 goblins
  7 hobgoblins
  8 jackals
  4 kobolds
  2 quokkas
  5 bats
  5 frilled lizards
  4 rats
73 creatures vanquished.

Notes
Turn   | Place    | Note
-------+----------+-------------------------------------------
     0 | D:1      | MajorAdolf the Naga Wanderer began the quest for the Orb.
     0 | D:1      | MajorAdolf set off with the following items: a +2 falchion,
                  | a +0 short sword, a potion of lignification, a +0 robe, a
                  | +0 dagger
     0 | D:1      | Reached XP level 1. HP: 19/19 MP: 1/1
     6 | D:1      | Noticed a black bear
     6 | D:1      | Noticed a salamander
     6 | D:1      | Noticed an iguana
     7 | D:1      | Noticed a hog
   251 | D:1      | Reached XP level 2. HP: 10/27 MP: 2/2
   673 | D:1      | Reached skill level 4 in Stealth
  1062 | D:1      | Found a faded altar of an unknown god.
  1309 | D:2      | Reached XP level 3. HP: 32/33 MP: 3/3
  2112 | D:2      | Reached skill level 1 in Armour
  2254 | D:2      | Noticed Robin
  2275 | D:2      | Reached XP level 4. HP: 32/42 MP: 4/4
  2566 | D:2      | Found a hazy altar of Hepliaklqana.
  2902 | D:2      | Killed Robin
  2903 | D:2      | Reached skill level 5 in Stealth
  3199 | D:3      | Noticed Jessica
  3214 | D:3      | Killed Jessica
  3319 | D:3      | Reached XP level 5. HP: 45/49 MP: 5/5
  3859 | D:4      | Noticed a phantom
  3953 | D:3      | Killed a phantom
  4289 | D:4      | Reached XP level 6. HP: 38/57 MP: 6/6
  4820 | D:5      | Entered Level 5 of the Dungeon
  4825 | D:5      | Slain by a wight

Illustrated notes

Levels and vault maps discovered:
D:1:      onia_arrival_zoo_common, layout_loops_ring,
          shapermc_ecumenical_altar_venn
D:2:      layout_loops_cross, basic_altar, uniq_robin
D:3:      layout_basic, uniq_jessica
D:4:      cheibrodos_old_hovel, layout_loops_ring, lemuel_doored_altar
D:5:      layout_basic

Skill      XL: |  1  2  3  4  5  6 |
---------------+-------------------+-----
Stealth        | 4 5 |  5.0
Fighting       | 3 4 |  4.3
Armour         | 1 2 |  2.6
Long Blades    | 4 |  4.1
Polearms       | |  1.0
Dodging        | |  1.0
Shields        | |  1.0

Action                   |  1- 3 |  4- 6 || total
-------------------------+-------+-------++-------
Melee: Falchion          |    88 |   137 ||   225
Throw: Dart              |     1 |       ||     1
 Abil: Spit Poison       |    12 |     4 ||    16
  Use: Scroll            |       |     3 ||     3
       Potion            |       |     1 ||     1
 Stab: Sleeping          |     3 |       ||     3
Armor: Robe              |     3 |       ||     3
       Plate armour      |    52 |    90 ||   142
       Chain mail        |     4 |       ||     4
       Skin              |       |     8 ||     8
Dodge: Dodged            |    22 |    19 ||    41
       Rpst.: Falchion   |     6 |     3 ||     9
